Map: Forteresse de fer EC

Players

GeNiUS - Winner!

  • Race: Protoss Protoss
  • League: Grandmaster

Tradeshow - Winner!

  • Race: Protoss Protoss
  • League: Grandmaster

HeLeX

  • Race: Terran Terran
  • League: Grandmaster

AgCl

  • Race: Terran Terran
  • League: Grandmaster

VOD

Have the link to the VOD?

Description

Time

  • Played on: May 29, 2015, 9:56 p.m.
  • Length: 5:38
Show
View Real Time Build Order
Export as new Build Order

GeNiUS Protoss - Winner!

Build Orders: Oracle Opening, Oracle Opening 

Get SALT Encoding   

  12  0:01  Probe  
  13  0:13  Probe  
  14  0:23  Pylon  
  14  0:41  Probe (Chrono Boost)  
  15  0:45  Gateway  
  15  0:52  Assimilator  
  15  0:53  Probe (Chrono Boost)  
  16  1:01  Probe (Chrono Boost)  
  17  1:10  Probe  
  18  1:22  Probe  
  19  1:33  Cybernetics Core  
  19  1:34  Probe  
  20  1:46  Probe (Chrono Boost)  
  21  1:47  Nexus  
  21  1:54  Pylon  
  21  1:58  Probe (Chrono Boost)  
  22  2:11  Warp Gate (Chrono Boost)  
  22  2:12  Adept  
  23  2:34  Pylon  
  23  2:46  Probe  
  23  2:47  Stargate  
  23  2:49  Assimilator  
  24  2:55  Gateway  
  24  2:56  Gateway  
  24  3:00  Probe (Chrono Boost)  
  24  3:04  Probe (Chrono Boost)  
  26  3:10  Probe (Chrono Boost)  
  28  3:13  Probe (Chrono Boost)  
  28  3:17  Probe  
  29  3:23  Probe  
  30  3:29  Probe  
  30  3:33  Oracle (Chrono Boost)  
  34  3:35  Probe  
  34  3:37  Assimilator  
  34  3:38  Assimilator  
  34  3:41  Probe  
  36  3:42  Pylon  
  36  3:47  Probe  
  37  3:53  Stalker (Chrono Boost)  
  37  4:01  Probe  
  39  4:04  Stalker  
  39  4:07  Stalker  
  42  4:19  Probe  
  41  4:30  Stalker x3  
  41  4:31  Probe (Chrono Boost)  
  48  4:39  Probe (Chrono Boost)  
  48  4:43  Mothership Core (Chrono Boost)  
  50  4:49  Probe (Chrono Boost)  
  51  4:57  Probe  
  52  5:09  Probe  
  52  5:10  Probe  
  52  5:11  Stalker x2  
  54  5:21  Probe (Chrono Boost)  
  54  5:22  Probe (Chrono Boost)  
Show
View Real Time Build Order
Export as new Build Order

Tradeshow Protoss - Winner!

Build Orders:  

Get SALT Encoding   

  12  0:03  SCV  
  13  0:15  Supply Depot  
  13  0:25  SCV  
  14  0:37  SCV  
  14  0:41  Barracks  
  15  0:46  Refinery  
  15  0:49  SCV  
  16  1:01  SCV  
  17  1:13  Supply Depot, SCV  
  18  1:30  Barracks  
  18  1:33  Reaper  
  18  1:35  SCV  
  21  1:47  SCV  
  21  1:58  Refinery  
  21  1:59  SCV  
  22  2:05  Reaper  
  23  2:21  Orbital Command  
  23  2:32  Barracks Tech Lab  
  23  2:37  Reaper  
  24  2:53  Reaper  
  24  2:58  Command Center  
  25  3:04  Stimpack  
  25  3:08  SCV  
  25  3:09  Reaper  
  27  3:17  Barracks  
  27  3:20  SCV  
  27  3:25  Reaper  
  29  3:33  SCV  
  30  3:41  Factory  
  30  3:45  SCV  
  31  4:00  Barracks Reactor  
  31  4:01  Supply Depot x2  
  31  4:02  Supply Depot  
  31  4:09  Marine x2  
  33  4:19  SCV x2  
  35  4:27  Marine  
  35  4:31  SCV  
  35  4:37  Marine x3  
  35  4:38  Factory Tech Lab  
  39  4:42  Orbital Command  
  39  4:43  SCV  
  39  4:45  Refinery  
  37  4:53  Marine  
  37  4:54  Marine  
  29  5:08  Marine x2  
  29  5:11  Marine  
Show
View Real Time Build Order
Export as new Build Order

HeLeX Terran 

Build Orders:  

Get SALT Encoding   

Show
View Real Time Build Order
Export as new Build Order

AgCl Terran 

Build Orders:  

Get SALT Encoding   

Tags
 
Add a new tag
Caveats
  • Supply blocks, unpowered buildings, or Contaminate may cause inaccurate times.
  • Supply counts are checked every 10 seconds.